 Dungeon Crawl Stone Soup version 0.19-a0-14-gde87d98 (webtiles) character file.

11565 Ijustatesigmund the Grappler (level 11, -21/113 HPs)
             Began as a Troll Hunter on Apr 28, 2016.
             Was a Priest of Okawaru.
             Killed from afar by Harold (28 damage)
             ... with a wand of lightning
             ... on level 12 of the Dungeon on Apr 29, 2016.
             The game lasted 00:59:37 (9043 turns).

Ijustatesigmund the Grappler (Troll Hunter)         Turns: 9043, Time: 00:59:38

Health: -21/113    AC: 10    Str: 26    XL:     11   Next: 51%
Magic:  11/12      EV: 17    Int:  7    God:    Okawaru [***...]
Gold:   619        SH:  0    Dex: 13    Spells: 0 memorised, 10 levels left

rFire  + . .     SeeInvis .       - Unarmed
rCold  . . .     Gourm    +     s - +2 robe {rF+}
rNeg   . . .     Faith    .     (no shield)
rPois  .         Spirit   .     F - +2 hat
rElec  .         Dismiss  .     G - +0 cloak
rCorr  .         Reflect  .     (gloves unavailable)
SustAt .         Harm     .     (boots unavailable)
MR     .....                    (no amulet)
Stlth  ++........               o - +3 ring of evasion
                                B - +4 ring of strength

@: heroism, very slightly contaminated, hasted, very quick, not resistant to
hostile enchantments, unstealthy
A: unfitting armour, claws 3, fast metabolism 3, gourmand, sense surroundings 1,
regeneration 2, shaggy fur 1, tough skin 2
a: Heroism, Renounce Religion


You were on level 12 of the Dungeon.
You worshipped Okawaru.
Okawaru was most pleased with you.
You were not hungry.

You visited 2 branches of the dungeon, and saw 13 of its levels.

You collected 619 gold pieces.

Inventory:

Missiles
 c - 5 large rocks (quivered)
 d - 3 throwing nets
Armour
 s - a +2 robe of fire resistance (worn)
 F - a +2 hat (worn)
 G - a +0 cloak (worn)
Jewellery
 o - a +3 ring of evasion (right claw)
 B - a +4 ring of strength (left claw)
 D - the ring of the Lonely Realms {rN+ Int+5 Dex-3 Stlth+}
   (You found it on level 9 of the Dungeon)

   [ring of positive energy]

   It affects your intelligence (+5).
   It affects your dexterity (-3).
   It protects you from negative energy.
   It makes you more stealthy.
 K - a +3 ring of intelligence
 L - an uncursed ring of positive energy
Wands
 n - a wand of teleportation (2/9)
 E - a wand of paralysis (10/24)
 J - a wand of disintegration (14/24)
 M - a wand of slowing (30/48)
Scrolls
 b - a scroll of immolation
 i - 4 scrolls of enchant weapon
 p - 5 scrolls of remove curse
 t - 2 scrolls of blinking
 u - 2 scrolls of fear
 w - 3 scrolls of teleportation
 y - 2 scrolls of amnesia
Potions
 a - 3 potions of ambrosia
 e - 6 potions of curing
 g - 2 potions of brilliance
 k - 2 potions of cure mutation
 m - 4 potions of resistance
 q - 2 potions of magic
 r - 2 potions of might
 v - a potion of flight
 x - 2 potions of lignification
 A - 2 potions of haste
 H - a potion of invisibility {unknown}
 I - a potion of agility {unknown}
Comestibles
 f - 7 bread rations
 h - 8 beef jerkies
 j - 8 meat rations
 z - 4 chunks of flesh


   Skills:
 + Level 8.7(13.7) Fighting
 + Level 6.1(11.1) Throwing
 - Level 3.3(8.3) Dodging
 - Level 0.4(5.4) Stealth
 + Level 12.9(17.9) Unarmed Combat
 - Level 3.8 Invocations


You had 10 spell levels left.
You didn't know any spells.

Dungeon Overview and Level Annotations

Branches:
Dungeon (12/15)            Temple (1/1) D:7            Lair (0/8) D:10
    Orc (0/2) D:11

Altars:
Ashenzari
Cheibriados
Dithmenos
Elyvilon
Fedhas
Gozag
Kikubaaqudgha
Makhleb
Nemelex Xobeh
Okawaru
Pakellas
Qazlal
Ru
Sif Muna
Trog
Vehumet
Xom
Yredelemnul
Zin
The Shining One
Beogh

Shops:
D:5 %   D:10 =

Annotations:
D:12 Harold


Innate Abilities, Weirdness & Mutations

You are too large for most types of armour.
You have claws for hands.
Your metabolism is lightning-fast.
You like to eat raw meat.
You heal very quickly.
You are covered in fur (AC +1).
You have very tough skin (AC +2).
You passively map a small area around you.


Message History

You destroy the wraith!
Okawaru accepts your kill. The yak gores you but does no damage.
You mangle the yak!!
The yak is severely wounded.
You scratch the yak but do no damage.
The yak is severely wounded.
You barely miss the yak.
The yak is severely wounded.
The yak misses you.
Harold hits you from afar with a halberd of chopping.
* * * LOW HITPOINT WARNING * * *
x2 You eviscerate the yak!!!
You kill the yak!
Okawaru accepts your kill.
Harold zaps a wand.
The bolt of lightning hits you!
* * * LOW HITPOINT WARNING * * *
Found 10 gold pieces.
Harold zaps a wand.
The bolt of lightning hits you!
You die...

*,,,,,,,* *,,,,,,,* *,....,,*
*...$...* #.......# #.......#
#.......#
*****##.......###################
,,,,,...........@..$.............
,,,,,...............^...<.....)..
,,,,,...............?............
,,,,,.....................)......
,,,,,.>........)....)(...(.......
*****##.......###################
#......@# #.....(†# #....††.#


You could see Harold.

Vanquished Creatures
  Urug (D:12)
  A hill giant (D:12)
  A deep elf mage (D:12)
  2 trolls
  Grinder (D:3)
  A two-headed ogre (D:7)
  2 wraiths (D:12)
  15 yaks
  A wyvern (D:7)
  A hungry ghost (D:11)
  3 hippogriffs
  A water moccasin (D:9)
  11 ice beasts
  A black bear (D:7)
  An orc warrior (D:8)
  3 sky beasts
  4 phantoms
  A wasp (D:10)
  A necrophage (D:8)
  4 ogres
  5 centaurs
  A crocodile (D:8)
  A big kobold (D:7)
  6 giant frogs
  A wyvern skeleton (D:9)
  3 scorpions
  A water moccasin skeleton (D:8)
  2 troll zombies (D:11)
  8 wights
  5 electric eels (D:9)
  5 howler monkeys
  9 crimson imps
  2 hounds
  A centaur zombie (D:7)
  2 jellies
  10 orc priests
  8 orc wizards
  A giant frog skeleton (D:9)
  4 iguanas
  8 worker ants
  3 hell rats (D:10)
  4 ogre zombies (D:11)
  3 worker ant zombies
  4 gnolls
  10 adders
  A shadow imp (D:8)
  An ooze (D:2)
  An adder skeleton (D:7)
  3 worms (D:2)
  A dart slug (D:1)
  4 giant geckos
  33 orcs
  3 ball pythons
  3 bats
  6 giant cockroaches
  9 goblins
  3 hobgoblins
  7 jackals
  12 kobolds
  5 quokkas
  3 giant newts
  3 goblin skeletons (D:11)
  2 goblin zombies (D:11)
  A hobgoblin zombie (D:11)
  An orc skeleton (D:11)
  11 orc zombies (D:11)
  A quokka zombie (D:8)
  6 rats
283 creatures vanquished.

Vanquished Creatures (others)
  A black bear (D:6)
1 creature vanquished.

Grand Total: 284 creatures vanquished

Notes
Turn   | Place    | Note
--------------------------------------------------------------
     0 | D:1      | Ijustatesigmund the Troll Hunter began the quest for the Orb.
     0 | D:1      | Reached XP level 1. HP: 19/19 MP: 0/0
    88 | D:1      | Reached skill level 1 in Unarmed Combat
   185 | D:1      | Reached XP level 2. HP: 28/28 MP: 1/1
   535 | D:1      | Reached XP level 3. HP: 33/35 MP: 2/2
   538 | D:1      | Reached skill level 2 in Unarmed Combat
  1156 | D:2      | Reached skill level 3 in Unarmed Combat
  1279 | D:2      | Reached XP level 4. HP: 42/42 MP: 3/3
  1545 | D:3      | Noticed Grinder
  1557 | D:3      | Killed Grinder
  1557 | D:3      | Reached skill level 4 in Unarmed Combat
  1557 | D:3      | Reached XP level 5. HP: 39/53 MP: 4/4
  1557 | D:3      | Reached XP level 6. HP: 44/61 MP: 5/5
  1789 | D:3      | Found a shadowy altar of Dithmenos.
  1911 | D:3      | Reached skill level 5 in Unarmed Combat
  2110 | D:4      | Found a shimmering altar of Xom.
  2438 | D:4      | Reached skill level 6 in Unarmed Combat
  2438 | D:4      | Reached XP level 7. HP: 60/68 MP: 6/6
  2758 | D:5      | Entered Level 5 of the Dungeon
  2864 | D:5      | Found Ipaluwe's Food Shoppe.
  3049 | D:5      | Reached skill level 7 in Unarmed Combat
  3159 | D:5      | Found a sacrificial altar of Ru.
  3177 | D:5      | Reached XP level 8. HP: 71/79 MP: 7/7
  3664 | D:6      | Reached skill level 8 in Unarmed Combat
  3671 | D:6      | Reached skill level 5 in Fighting
  3808 | D:6      | Found a radiant altar of Vehumet.
  3931 | D:6      | Reached skill level 9 in Unarmed Combat
  3935 | D:6      | Found a basalt altar of Yredelemnul.
  4398 | D:7      | Reached XP level 9. HP: 86/89 MP: 8/8
  4438 | D:7      | Found a staircase to the Ecumenical Temple.
  4456 | Temple   | Entered the Ecumenical Temple
  4946 | D:7      | Reached skill level 10 in Unarmed Combat
  5029 | D:7      | Found a sparkling altar of Nemelex Xobeh.
  5564 | D:8      | Reached skill level 11 in Unarmed Combat
  5907 | D:8      | Reached XP level 10. HP: 37/102 MP: 9/9
  6255 | D:8      | Upgraded the game from 0.19-a0-4-ga5c5ac4 to 0.19-a0-14-gde87d98
  6363 | D:8      | Found a deep blue altar of Sif Muna.
  6447 | D:9      | Got an ancient iron ring
  6462 | D:9      | Found a roughly hewn altar of Beogh.
  6560 | D:9      | Found an iron altar of Okawaru.
  6560 | D:9      | Found an ancient bone altar of Kikubaaqudgha.
  6564 | D:9      | Became a worshipper of Warmaster Okawaru
  6654 | D:9      | Reached skill level 1 in Invocations
  6807 | D:9      | Reached * piety under Okawaru
  6972 | D:9      | Reached skill level 12 in Unarmed Combat
  7281 | D:10     | Entered Level 10 of the Dungeon
  7423 | D:10     | Reached ** piety under Okawaru
  7461 | D:10     | Found a staircase to the Lair.
  7540 | D:10     | Reached XP level 11. HP: 91/111 MP: 12/12
  7544 | D:10     | Identified the ring of the Lonely Realms {rN+ Int+5 Dex-3 Stlth+} (You found it on level 9 of the Dungeon)
  7788 | D:10     | Found Kanaf's Jewellery Boutique.
  7908 | D:10     | Gained mutation: You passively map a small area around you. [mutagenic meat]
  7914 | D:10     | Reached skill level 5 in Throwing
  8261 | D:11     | Noticed an orc sorcerer
  8262 | D:11     | Paralysed by an orc sorcerer for 3 turns
  8558 | D:11     | Found a staircase to the Orcish Mines.
  8959 | D:12     | Noticed Urug
  8970 | D:12     | Killed Urug
  8970 | D:12     | Reached *** piety under Okawaru
  8978 | D:12     | Noticed a hill giant
  8983 | D:12     | Killed a hill giant
  8983 | D:12     | Received a gift from Okawaru
  8984 | D:12     | Noticed a deep elf mage
  8985 | D:12     | Killed a deep elf mage
  9021 | D:12     | Noticed Harold
  9037 | D:12     | HP: 4/113 [Harold/wand of lightning (28)]
  9043 | D:12     | Killed from afar by Harold

Vault maps used:
D:1:      onia_arrival_handbag, lemuel_another_geyser
D:3:      nicolae_dithmenos_shadow_blocks, uniq_grinder
D:4:      first_bread, tgw_xom
D:5:      lemuel_crystal_altar, serial_shops, shop
D:6:      fiery_altar_vehumet, lemuel_coloured_pillars_altar
D:7:      overflow_temple_1_default, minmay_temple_entry_junction2,
          grunt_decor_arrowhead, grunt_ogre_cave
D:8:      lemuel_blue_sif_altar
D:9:      minmay_twisted_water, gammafunk_temple_overflow_wave, fountainhead,
          david_defended_altar_orc
D:10:     dpeg_lair_monsters, serial_shops, shop
D:11:     zombieorc1_lemuel, kennysheep_generic_room_12
D:12:     lab_entry_generic, uniq_urug, uniq_erolcha, uniq_harold
Temple:   hc_temple_tempest_star

Skill      XL: |  1  2  3  4  5  6  7  8  9 10 11 |
---------------+----------------------------------+-----
Unarmed Combat | 1 3 4 6 7 9 11 12 | 12.9
Fighting       | 2 3 4 5 7 8 |  8.7
Dodging        | 3 |  3.3
Invocations    | 3 |  3.8
Throwing       | 4 6 |  6.1
Stealth        | |  0.4

Action                   |  1- 3 |  4- 6 |  7- 9 | 10-12 || total
-------------------------+-------+-------+-------+-------++-------
Melee: Unarmed           |    84 |   126 |   266 |   335 ||   811
       Punch             |     1 |       |     6 |    28 ||    35
Throw: Large rock        |     2 |       |     2 |     7 ||    11
Invok: Heroism           |       |       |       |     6 ||     6
Evoke: Wand              |       |       |     1 |       ||     1
  Use: Scroll            |     8 |     6 |     7 |     9 ||    30
       Potion            |       |       |     3 |     2 ||     5
 Stab: Sleeping          |     3 |     1 |     1 |     1 ||     6
       Distracted        |       |       |       |     1 ||     1
  Eat: Chunk             |    17 |    11 |    28 |    20 ||    76
       Fruit             |       |       |     2 |       ||     2
       Pizza             |       |       |     1 |     1 ||     2
       Royal jelly       |       |       |       |     1 ||     1
Armor: Robe              |    26 |    56 |    80 |   109 ||   271
Dodge: Dodged            |    35 |    64 |   107 |   131 ||   337
